 Dungeon Crawl Stone Soup version 0.27-a0-1048-g7ee7857c10 (webtiles) character file.

Game seed: 17053532296835959378

35 CovertPenguin the Insei (level 3, 0/23 HPs)
             Began as an Octopode Transmuter on Apr 20, 2021.
             Slain by a kobold
             ... wielding a +0 spear
              (2 damage)
             ... on level 2 of the Dungeon.
             The game lasted 00:04:24 (1240 turns).

CovertPenguin the Insei (Octopode Transmuter)       Turns: 1240, Time: 00:04:24

Health: 0/23       AC:  1    Str:  9    XL:     3   Next: 33%
Magic:  5/6        EV: 13    Int: 16    God:
Gold:   30         SH:  0    Dex: 12    Spells: 2/6 levels left

rFire    . . .     SeeInvis .     - Unarmed
rCold    . . .     Faith    .   (no shield)
rNeg     . . .     Spirit   .   (helmet restricted)
rPois    .         Reflect  .   (no amulet)
rElec    .         Harm     .   (no ring)
rCorr    .         Rampage  .   (no ring)
Will     .....                  (no ring)
Stlth    ++........             (no ring)
HPRegen  0.07/turn              (no ring)
MPRegen  0.10/turn              (no ring)
                                (no ring)
                                (no ring)

@: no status effects
A: almost no armour, amphibious, 8 rings, camouflage 1, gelatinous body 1,
(nimble swimmer 1), tentacles
a: no special abilities


You were on level 2 of the Dungeon.
You visited 1 branch of the dungeon, and saw 2 of its levels.

You collected 30 gold pieces.

Inventory:

Missiles
 f - 27 stones
Scrolls
 a - 2 scrolls of identify {unknown}
 b - a scroll of teleportation {unknown}
Potions
 c - a potion of mutation {unknown}
 d - a potion of brilliance {unknown}
 e - a potion of cancellation
 g - a potion of degeneration {unknown}


   Skills:
 - Level 1.6 Fighting
 - Level 2.0 Dodging
 - Level 3.3 Unarmed Combat
 - Level 2.0 Spellcasting
 + Level 3.0 Transmutations
 + Level 0.2 Poison Magic


You had 2 spell levels left.
You knew the following spells:

 Your Spells              Type           Power      Damage    Failure   Level
a - Beastly Appendage     Tmut           22%        N/A       6%          1
b - Spider Form           Tmut/Pois      3%         N/A       32%         3

Your spell library contained the following spells:

 Spells                   Type           Power      Damage    Failure   Level
 Wereblood                Tmut           11%        N/A       9%          2
 Summon Small Mammal      Summ           4%         N/A       21%         1
 Call Imp                 Summ           1%         N/A       30%         2
 Call Canine Familiar     Summ           1%         N/A       52%         3
 Summon Guardian Golem    Hex/Summ       1%         N/A       52%         3
 Ice Form                 Ice/Tmut       6%         N/A       73%         4
 Hydra Form               Tmut           5%         N/A       86%         5
 Summon Ice Beast         Ice/Summ       1%         N/A       90%         4
 Summon Lightning Spire   Summ/Air       1%         N/A       90%         4


Dungeon Overview and Level Annotations

Branches:
Dungeon (2/15)

Altars:


Innate Abilities, Weirdness & Mutations

You cannot wear most types of armour.
You are amphibious.
You can wear up to eight rings at the same time.
Your skin changes colour to match your surroundings (Stealth+).
Your rubbery body absorbs attacks. (AC +1, EV +1)
((You are camouflaged near water. (Stealth+)))
You have tentacles for arms and can constrict up to eight enemies at once.


Message History

You open the door.
There is an open door here.
There is a stone staircase leading down here.
a - 2 scrolls labelled ZIACSEI DITU (gained 1)
f - 27 stones (gained 20)
A dart slug comes into view.
The dart slug barely misses you.
You tentacle-slap the dart slug. You grab the dart slug.
You squeeze the dart slug. You constrict the dart slug.
The dart slug bites you but does no damage.
You tentacle-slap the dart slug. You constrict the dart slug.
You tentacle-slap the dart slug.
You kill the dart slug!
No target in view!
An adder and a kobold come into view.
One of your tentacles grows a vicious spike.
The kobold shouts!
The kobold misses you.
The kobold hits you from afar with a +0 spear.
You tentacle-slap the adder. Your grab misses the adder.
Your tentacle spike misses the adder.
The adder bites you.
The kobold hits you from afar with a +0 spear.
You barely miss the adder. Your grab misses the adder.
The adder bites you but does no damage.
The kobold hits you from afar with a +0 spear.
The adder completely misses you.
Unknown command.
A bat comes into view.
The bat moves out of view.
You closely miss the adder. Your grab misses the adder.
Your tentacle spike misses the adder.
You squeeze the adder. The adder misses you.
The kobold hits you from afar with a +0 spear.
* * * LOW HITPOINT WARNING * * *
You tentacle-slap the adder. Your grab misses the adder.
Your squeeze misses the adder. The adder closely misses you.
The kobold hits you from afar with a +0 spear.
* * * LOW HITPOINT WARNING * * *
You barely miss the adder. Your grab misses the adder.
Your squeeze misses the adder. The adder bites you but does no damage.
The adder bites you.
* * * LOW HITPOINT WARNING * * *
The kobold closely misses you.
It was a potion of cancellation.
Your magical effects are unravelling.
You feel magically purged.
Your tentacle spike disappears.
The adder barely misses you.
The kobold hits you from afar with a +0 spear.
You die...

.... . ...
.. ..# .♣..
....#####
#.....#
##.##@#
#..KS.#
#.#.### ..
#.# ## #.##
#######..#
.........#
.........#
.........##


You could see an adder and a kobold.

Vanquished Creatures
  A white imp (D:2)
  2 dart slugs
  2 endoplasms (D:1)
  2 hobgoblins (D:1)
  4 jackals (D:1)
  3 kobolds
  2 quokkas (D:1)
  A ball python (D:1)
  2 frilled lizards (D:1)
  4 rats (D:1)
23 creatures vanquished.

Notes
Turn   | Place    | Note
-------+----------+-------------------------------------------
     0 | D:1      | CovertPenguin the Octopode Transmuter began the quest for
                  | the Orb.
     0 | D:1      | Reached XP level 1. HP: 13/13 MP: 3/3
   211 | D:1      | Reached XP level 2. HP: 18/18 MP: 5/5
   921 | D:1      | Reached XP level 3. HP: 23/23 MP: 6/6
  1183 | D:2      | Learned a level 3 spell: Spider Form
  1240 | D:2      | Slain by a kobold

Illustrated notes

Levels and vault maps discovered:
D:1:      tarquinn_simple_flora_water_c, layout_loops_ring
D:2:      layout_basic, grunt_decor_junction, chequers_serial_rivers_large_a,
          grunt_ministairs_10

Skill      XL: |  1  2 |
---------------+-------+-----
Transmutations | 3 |  3.0
Fighting       | |  1.6
Dodging        | |  2.0
Unarmed Combat | |  3.3
Spellcasting   | |  2.0
Poison Magic   | |  0.2

Action                   || total
-------------------------++-------
Melee: Unarmed           ||    57
       Constrict         ||    11
       Kick              ||    11
       Tentacles         ||     5
 Cast: Beastly Appendage ||    11
  Use: Potion            ||     1
 Stab: Sleeping          ||     6
Armor: Skin              ||     6
Dodge: Dodged            ||    33

Table legend: (Time is in decaauts)
 A = Elapsed time spent in this place.
 B = Non-inter-level travel time spent in this place.
 C = Inter-level travel time spent in this place.
 D = Time resting spent in this place.
 E = Time spent auto-exploring this place.
 F = Levels seen in this place.
 G = Mean time per level.
                   A        B        C        D        E       F      G
               +--------+--------+--------+--------+--------+-----+--------+
         Total |   1236 |   1231 |      5 |    134 |    908 |   2 |  618.0 |
       Dungeon |   1236 |   1231 |      5 |    134 |    908 |   2 |  618.0 |
               +--------+--------+--------+--------+--------+-----+--------+

Top non-repeatable levels by time:
     D:1: 1023 daAuts
     D:2: 212 daAuts
